 Dungeon Crawl Stone Soup version 0.30-a0-55-g90e3122c3a (webtiles) character file.

Game seed: 8714476612187650781

13969 Decritt the Fighter (level 12, -7/84 HPs)
             Began as a Gargoyle Fighter on Sept 9, 2022.
             Was an Initiate of Ru.
             Mangled by a goliath frog (9 damage)
             ... summoned by a worldbinder
             ... on level 1 of the Abyss.
             The game lasted 00:25:27 (10400 turns).

Decritt the Fighter (Gargoyle Fighter)             Turns: 10400, Time: 00:25:28

Health: -7/84      AC: 26    Str: 30    XL:     12   Next: 11%
Magic:  12/12      EV:  8    Int:  6    God:    Ru [......]
Gold:   299        SH:  9    Dex:  9    Spells: 11/11 levels left

rFire   + + .      SeeInvis +    n - +6 flail of Okawaru's Approval {vorpal, rF++ rCorr Int-4 SInv}
rCold   . . .      Faith    .    c - +0 buckler
rNeg    + . .      Spirit   .    a - +0 plate armour
rPois   ∞          Reflect  +    v - +0 helmet
rElec   +          Harm     .    (no cloak)
rCorr   +          Rampage  .    (no gloves)
Will    .....                    (no boots)
Stlth   ..........               D - amulet of reflection
HPRegen 0.24/turn                h - +4 ring of slaying
MPRegen 0.13/turn                q - +6 ring of strength

@: silenced
A: sickness immunity, AC +8, negative energy resistance 1, electricity
resistance, torment resistance 1, petrification resistance
a: Renounce Religion


You were on level 1 of the Abyss.
You worshipped Ru.
Ru was noncommittal.
You visited 2 branches of the dungeon, and saw 10 of its levels.
You visited the Abyss 1 time.
You also visited: Bailey.

You collected 599 gold pieces.
You spent 300 gold pieces at shops.

Inventory:

Hand Weapons
 n - the +6 flail of Okawaru's Approval (weapon) {vorpal, rF++ rCorr Int-4 SInv}
   (You found it on level 5 of the Dungeon)

   It inflicts extra damage upon your enemies.
   Int:       It affects your intelligence (-4).
   rF:        It greatly protects you from fire.
   SInv:      It lets you see invisible.
   rCorr:     It protects you from acid and corrosion.
Armour
 a - a +0 plate armour (worn)
 c - a +0 buckler (worn)
 v - a +0 helmet (worn)
Jewellery
 h - a +4 ring of slaying (left hand)
 l - a +4 ring of evasion
 q - a +6 ring of strength (right hand)
 x - a ring of positive energy
 z - a ring of see invisible
 D - an amulet of reflection (around neck)
Wands
 b - a wand of light (9)
 j - a wand of flame (5)
 s - a wand of roots (8)
 y - a wand of paralysis (8)
Scrolls
 d - a scroll of blinking
 p - 2 scrolls of teleportation
 A - 3 scrolls of fear
Potions
 e - a potion of curing
 f - a potion of resistance {unknown}
 g - a potion of haste
 i - 3 potions of attraction
 k - a potion of brilliance {unknown}
 m - a potion of ambrosia {unknown}
 o - 4 potions of mutation
 t - 2 potions of cancellation
 u - 2 potions of invisibility {unknown}
 w - 2 potions of lignification
 F - 2 potions of magic {unknown}


   Skills:
 * Level 13.5 Fighting
 + Level 10.0 Maces & Flails
 + Level 13.0 Armour
 - Level 3.2 Shields


You had 11 spell levels left.
You didn't know any spells.
Your spell library contained the following spells:

 Spells                   Type           Power      Damage    Failure   Level
 Call Canine Familiar     Summ           0%         N/A       100%        3
 Portal Projectile        Hex/Tloc       0%         N/A       100%        3
 Animate Armour           Summ/Erth      0%         N/A       100%        4
 Cause Fear               Hex            0%         N/A       100%        4
 Leda's Liquefaction      Hex/Erth       0%         N/A       100%        4
 Blade Hands              Tmut           0%         N/A       100%        5
 Iron Shot                Conj/Erth      0%         9d1       100%        6
 Dragon Form              Tmut           0%         N/A       100%        7
 Dragon's Call            Summ           0%         N/A       100%        9


Dungeon Overview and Level Annotations

Branches:
Dungeon (9/15)             Temple (1/1) D:7          Bailey (visited)
   Lair: D:8-11         Orc: D:9-12

Altars:
Ashenzari
Cheibriados
Dithmenos
Fedhas
Gozag
Hepliaklqana
Kikubaaqudgha
Makhleb
Nemelex Xobeh
Okawaru
Qazlal
Ru
Sif Muna
Uskayaw
Vehumet
Wu Jian
Xom
Yredelemnul
Zin
The Shining One

Shops:
D:1 [   D:7 =   D:8 (

Annotations:
D:9 Erolcha


Innate Abilities, Weirdness & Mutations

You are immune to sickness and miasma.
Your stone body is resilient. (AC +8)
You are immune to poison.
You resist negative energy. (rN+)
You are resistant to electric shocks. (rElec)
You are resistant to unholy torment.
You are immune to petrification.


Message History

A small abomination comes into view.
You bludgeon the raiju!!
You kill the raiju!
The tormentor calls on the powers of darkness!
The raiju convulses!
Your body is wracked with pain!
* * * LOW HITPOINT WARNING * * *
The raiju convulses!
The mana viper convulses!
The raiju convulses!
Your Maces & Flails skill increases to level 10!
You miss the tormentor.
The tormentor is lightly wounded.
The tormentor hits you but does no damage. x2
A worldbinder comes into view.
The tormentor attacks as you move away! The tormentor barely misses you.
The tormentor hits you but does no damage.
The tormentor calls on the powers of darkness!
The raiju convulses!
Your body is wracked with pain!
* * * LOW HITPOINT WARNING * * *
The mana viper convulses!
The tormentor calls on the powers of darkness!
The raiju convulses!
You feel a surge of unholy energy.
The raiju convulses!
You feel better.
The worldbinder hits you but does no damage. x2
The small abomination hits you but does no damage.
The worldbinder hits you.
* * * LOW HITPOINT WARNING * * *
The worldbinder hits you but does no damage.
The small abomination attacks as you move away!
The small abomination hits you.
* * * LOW HITPOINT WARNING * * *
The worldbinder calls forth creatures from the Swamp!
The small abomination attacks as you move away!
The small abomination closely misses you.
The worldbinder barely misses you. The worldbinder closely misses you.
The tormentor hits you.
* * * LOW HITPOINT WARNING * * *
You writhe in agony.
* * * LOW HITPOINT WARNING * * *
The tormentor barely misses you. The goliath frog hits you from afar!
You die...

# # ##############
#.#..#...kh..∩#
#.....##.Sh##.#
#......2xn#..h.*.
..#..#@x#x.5.x#5..
#...#.Fx..#.h#.#..#
###.###..####.#h# .
### #######x.x..#
## #. # .


You could see a mana viper, a goliath frog (summoned), a worldbinder
(unsilenced), a bog body (summoned), a tormentor (unsilenced), 2 raiju, a swamp
drake (summoned) and 2 small abominations.

Vanquished Creatures
  A lich (Abyss:1)
  A great orb of eyes (Abyss:1)
  2 vault guards (Bailey)
  A shadow wraith (Abyss:1)
  A sixfirhy (Abyss:1)
  A smoke demon (Abyss:1)
  An orange demon (Abyss:1)
  An efreet (Abyss:1)
  Prince Ribbit (Bailey)
  A troll (D:9)
  A hornet (D:8)
  A raiju (Abyss:1)
  A shadow (Abyss:1)
  2 small abominations (Abyss:1)
  5 humans (Bailey)
  9 yaks (D:8)
  3 wyverns
  Grum (D:9)
  2 neqoxecs (Abyss:1)
  4 steam dragons
  Edmund (D:4)
  An acid dragon (D:7)
  A water moccasin (D:8)
  An orc warrior (Bailey)
  An ice beast (D:6)
  A sky beast (D:8)
  3 black bears
  3 ogres (D:5)
  3 wolves (D:9)
  4 centaurs
  2 phantoms
  A kobold brigand (D:7)
  15 bullfrogs
  Blork the orc (D:6)
  2 necrophages
  4 scorpions
  5 wights (D:7)
  6 killer bees (D:8)
  3 howler monkeys
  5 hounds
  3 jellies (D:6)
  2 gnoll boudas
  2 orc priests
  Natasha (thrice) (D:3)
  3 iguanas
  6 orc wizards
  11 gnolls
  11 adders
  A shadow imp (D:5)
  A white imp (D:6)
  An ufetubus (Abyss:1)
  A dart slug (D:3)
  20 orcs
  5 bats
  3 endoplasms
  8 goblins
  4 hobgoblins
  6 jackals
  5 kobolds
  A quokka (D:1)
  3 ball pythons
  A frilled lizard (D:2)
  4 rats
208 creatures vanquished.

Vanquished Creatures (others)
  A raiju (Abyss:1)
  A small abomination (Abyss:1)
2 creatures vanquished.

Grand Total: 210 creatures vanquished

Notes
Turn   | Place    | Note
-------+----------+-------------------------------------------
     0 | D:1      | Decritt the Gargoyle Fighter began the quest for the Orb.
     0 | D:1      | Reached XP level 1. HP: 14/14 MP: 1/1
     2 | D:1      | Noticed a formicid
     2 | D:1      | Noticed a naga
     4 | D:1      | Noticed a palentonga
     4 | D:1      | Noticed a minotaur
     6 | D:1      | Noticed a merfolk
     6 | D:1      | Noticed a draconian
     8 | D:1      | Noticed a spriggan
     8 | D:1      | Noticed a demonspawn
    10 | D:1      | Noticed a human
    10 | D:1      | Noticed a vampire
    12 | D:1      | Noticed an octopode
    12 | D:1      | Noticed an ogre
    14 | D:1      | Noticed a tengu
    14 | D:1      | Noticed a ghoul
    16 | D:1      | Noticed a vine stalker
    16 | D:1      | Noticed a felid
    18 | D:1      | Noticed a demigod
    18 | D:1      | Noticed an elf
    20 | D:1      | Noticed a troll
    22 | D:1      | Noticed a meteoran
    24 | D:1      | Noticed a felid
    24 | D:1      | Noticed a gargoyle
    26 | D:1      | Noticed an octopode
    26 | D:1      | Noticed a draconian
    34 | D:1      | Found a faded altar of an unknown god.
    36 | D:1      | Noticed an eye of devastation
    36 | D:1      | Noticed a floating eye
    37 | D:1      | Noticed a shining eye
    37 | D:1      | Noticed a shining eye
   239 | D:1      | Found Sealuesi's Antique Armour Emporium.
   367 | D:1      | Reached XP level 2. HP: 16/19 MP: 2/2
   797 | D:2      | Reached XP level 3. HP: 21/24 MP: 3/3
  1409 | D:3      | Reached XP level 4. HP: 30/30 MP: 4/4
  1775 | D:3      | Noticed Natasha
  1779 | D:3      | Killed Natasha
  1841 | D:3      | Noticed Natasha
  1845 | D:3      | Killed Natasha
  1846 | D:3      | Reached XP level 5. HP: 31/34 MP: 5/5
  1932 | D:3      | Noticed Natasha
  1944 | D:3      | Killed Natasha
  1945 | D:3      | Reached skill level 5 in Fighting
  2195 | D:4      | Noticed a phantom
  2202 | D:4      | Killed a phantom
  2203 | D:4      | Reached XP level 6. HP: 35/40 MP: 6/6
  2252 | D:4      | Noticed Edmund
  2268 | D:4      | Killed Edmund
  2269 | D:4      | HP: 2/41 [gnoll/+0 club (2)]
  2654 | D:4      | Noticed a black bear
  2665 | D:4      | Killed a black bear
  2666 | D:4      | Reached skill level 5 in Armour
  2666 | D:4      | Reached XP level 7. HP: 35/47 MP: 7/7
  3575 | D:5      | Entered Level 5 of the Dungeon
  3860 | D:5      | Reached XP level 8. HP: 28/53 MP: 8/8
  3869 | D:5      | Identified the +6 flail of Okawaru's Approval {vorpal, rF++
                  | rCorr Int-4 SInv}
  4118 | D:5      | Reached skill level 5 in Maces & Flails
  5022 | D:6      | Noticed Blork the orc
  5033 | D:6      | Killed Blork the orc
  5126 | D:6      | Reached XP level 9. HP: 59/60 MP: 9/9
  5403 | D:6      | You fall into a shaft and drop 2 floors!
  5425 | D:7      | Found a flagged portal.
  5446 | Bailey   | Entered a bailey
  5764 | Bailey   | Noticed a vault guard
  5764 | Bailey   | Noticed Prince Ribbit
  5778 | Bailey   | Killed a vault guard
  5779 | Bailey   | Reached skill level 10 in Fighting
  5779 | Bailey   | Reached skill level 10 in Armour
  5779 | Bailey   | Reached XP level 10. HP: 35/68 MP: 10/10
  5785 | Bailey   | Killed Prince Ribbit
  6024 | Bailey   | Noticed a vault guard
  6036 | Bailey   | Killed a vault guard
  6560 | D:7      | Found a staircase to the Ecumenical Temple.
  6565 | Temple   | Entered the Ecumenical Temple
  6825 | Temple   | Became a worshipper of Ru the Awakened
  6902 | D:7      | Found Awnivin's Jewellery Boutique.
  6922 | D:7      | Bought an amulet of reflection for 300 gold pieces
  7946 | D:8      | Reached XP level 11. HP: 50/74 MP: 11/11
  8219 | D:8      | Found Hun Yrio's Antique Weapon Shop.
  9165 | D:9      | Noticed Grum
  9175 | D:9      | Killed Grum
  9229 | D:9      | Noticed Erolcha
  9241 | Abyss:1  | Cast into level 1 of the Abyss (Erolcha)
  9290 | Abyss:1  | Noticed a shadow dragon
  9363 | Abyss:1  | Noticed a starcursed mass
  9425 | Abyss:1  | Noticed a shadow wraith
  9444 | Abyss:1  | Killed a shadow wraith
 10284 | Abyss:1  | Noticed a great orb of eyes
 10289 | Abyss:1  | Noticed a sixfirhy
 10291 | Abyss:1  | Noticed a lich
 10305 | Abyss:1  | Killed a great orb of eyes
 10305 | Abyss:1  | Noticed a wretched star
 10386 | Abyss:1  | Noticed a mana viper
 10387 | Abyss:1  | Killed a lich
 10388 | Abyss:1  | Reached XP level 12. HP: 18/84 MP: 12/12
 10393 | Abyss:1  | Reached skill level 10 in Maces & Flails
 10399 | Abyss:1  | HP: 3/84 [tormentor (6)]
 10400 | Abyss:1  | Mangled by a goliath frog

Illustrated notes

Levels and vault maps discovered:
D:1:      kb_arrival_jail, layout_basic, serial_shops, shop,
          hellmonk_ecumenical_altar_watching_god, minmay_distorted
D:2:      layout_rooms, hangedman_decor_peaks_small, minmay_pentomino_q2
D:3:      layout_basic, uniq_natasha
D:4:      black_bear_nest_1, layout_basic, uniq_edmund
D:5:      layout_basic
D:6:      layout_basic, st_stairs_11, uniq_blork_the_orc
D:7:      minmay_general_purpose_star, layout_rooms, temple_doors_ab,
          enter_bailey_2, nicolae_wooded_promenade
D:8:      layout_loops_ring, serial_shops, nicolae_square_shop
D:9:      layout_basic, bloody_trog, uniq_grum, uniq_erolcha
Temple:   nicolae_temple_slightly_damp_pantheon
Abyss:1:  base: D:9, grunt_abyss_exit_deep_breaths

Skill      XL: |  1  2  3  4  5  6  7  8  9 10 11 12 |
---------------+-------------------------------------+-----
Fighting       | 4 5 6 7 8 10 11 13 | 13.5
Armour         | 4 5 7 10 11 13 | 13.0
Maces & Flails | 3 4 5 7 8 9 10 | 10.0
Shields        | |  3.2

Action                   |  1- 3 |  4- 6 |  7- 9 | 10-12 || total
-------------------------+-------+-------+-------+-------++-------
Melee: Flail             |    10 |       |   151 |   264 ||   425
       Dagger            |    34 |       |       |       ||    34
       Whip              |    15 |    54 |    59 |       ||   128
Throw: Dart              |       |       |    33 |    84 ||   117
Invok: Reject Sacrifices |       |       |       |     1 ||     1
Evoke: Wand              |       |       |       |    17 ||    17
  Use: Scroll            |       |     8 |     5 |     6 ||    19
       Potion            |       |     1 |     1 |     8 ||    10
Armor: Scale mail        |    18 |    25 |     5 |       ||    48
       Chain mail        |       |       |    35 |       ||    35
       Plate armour      |       |       |   123 |   147 ||   270
Dodge: Dodged            |    29 |    21 |    83 |    96 ||   229
Block: Buckler           |    13 |     5 |    46 |    84 ||   148
       Reflection        |       |       |       |     4 ||     4

Table legend: (Time is in decaauts)
 A = Elapsed time spent in this place.
 B = Non-inter-level travel time spent in this place.
 C = Inter-level travel time spent in this place.
 D = Time resting spent in this place.
 E = Time spent auto-exploring this place.
 F = Levels seen in this place.
 G = Mean time per level.
                   A        B        C        D        E       F      G
               +--------+--------+--------+--------+--------+-----+--------+
         Total |  10409 |   9926 |    483 |   2259 |   5640 |  12 |  867.4 |
       Dungeon |   7973 |   7509 |    464 |    816 |   5265 |   9 |  885.9 |
        Temple |    279 |    260 |     19 |      0 |    205 |   1 |  279.0 |
         Abyss |   1143 |   1143 |      0 |    752 |      0 |   1 | 1143.0 |
        Bailey |   1013 |   1013 |      0 |    691 |    169 |   1 | 1013.0 |
               +--------+--------+--------+--------+--------+-----+--------+

Top non-repeatable levels by time:
     D:4: 1489 daAuts
     D:5: 1358 daAuts
 Abyss:1: 1143 daAuts
     D:3: 1135 daAuts
     D:8: 1058 daAuts
  Bailey: 1013 daAuts
     D:7: 680 daAuts
     D:6: 680 daAuts
     D:1: 669 daAuts
     D:2: 581 daAuts
     D:9: 317 daAuts
  Temple: 279 daAuts
